 Dungeon Crawl Stone Soup version 0.28-a0-906-g0406aca7d3 (webtiles) character file.

Game seed: 6272325445877269943

47 vurker the Gusty (level 3, -2/15 HPs)
             Began as a Felid Air Elementalist on Nov 23, 2021.
             Slain by Natasha (5 damage)
             ... on level 2 of the Dungeon.
             The game lasted 00:01:34 (2010 turns).

vurker the Gusty (Felid Air Elementalist)           Turns: 2010, Time: 00:01:35

Health: -2/15      AC:  1    Str:  4    XL:     3   Next: 48%
Magic:  0/8        EV: 17    Int: 17    God:
Gold:   58         SH:  0    Dex: 16    Spells: 6/7 levels left
                                        Lives:  0   Deaths: 0

rFire   . . .      SeeInvis +   (weapon unavailable)
rCold   . . .      Faith    .   (shield unavailable)
rNeg    . . .      Spirit   .   (armour unavailable)
rPois   .          Reflect  .   (helmet unavailable)
rElec   .          Harm     .   (cloak unavailable)
rCorr   .          Rampage  .   (gloves unavailable)
Will    .....                   (boots unavailable)
Stlth   ++........              (no amulet)
HPRegen 0.05/turn               (no ring)
MPRegen 0.11/turn               (no ring)

@: slowed, slow
A: very small, claws 1, fangs 3, see invisible, speed 1, shaggy fur 1, stealthy
paws, no weapons or thrown items, no armour, multi-lived
a: no special abilities


You were on level 2 of the Dungeon.
You visited 1 branch of the dungeon, and saw 2 of its levels.

You collected 58 gold pieces.

Inventory:

Jewellery
 f - a ring of poison resistance
   (You took it off a goblin on level 2 of the Dungeon)
Scrolls
 c - a scroll of identify {unknown}
 e - a scroll of amnesia {unknown}
Potions
 a - 3 potions of mutation {unknown}
 b - 2 potions of heal wounds {unknown}
 d - 2 potions of flight {unknown}


   Skills:
 + Level 1.0 Fighting
 - Level 2.6 Dodging
 - Level 2.6 Stealth
 * Level 2.6 Spellcasting
 + Level 1.4 Conjurations
 * Level 3.2 Air Magic


You had 6 spell levels left.
You knew the following spells:

 Your Spells              Type           Power      Damage    Failure   Level
a - Shock                 Conj/Air       40%        1d5       7%          1

Your spell library contained the following spells:

 Spells                   Type           Power      Damage    Failure   Level
 Static Discharge         Conj/Air       10%        N/A       11%         2
 Swiftness                Air            13%        N/A       14%         3
 Airstrike                Air            6%         N/A       43%         4


Dungeon Overview and Level Annotations

Branches:
Dungeon (2/15)

Altars:

Annotations:
D:2 Natasha


Innate Abilities, Weirdness & Mutations

You have sharp claws.
You have razor-sharp teeth.
You have supernaturally acute eyesight. (SInv)
You cover ground quickly. (Speed+)
You are covered in fur. (AC +1)
Your paws help you pounce on unaware monsters.
You are incapable of wielding weapons or throwing items.
You cannot wear armour.
You gain extra lives every three experience levels.


Message History

Aim: a goblin, wielding a +0 dagger and wearing a ring of poison resistance (60% to hit)
The zap hits the goblin.
You kill the goblin!
f - a ring of poison resistance You now have 58 gold pieces (gained 23).
You see here a +0 dagger.
You can't see any susceptible monsters within range! (Use Z to cast anyway.)
A hobgoblin comes into view.
Aim: a hobgoblin (asleep, 100% to hit)
The zap hits the hobgoblin.
The hobgoblin shouts!
You hear an angry hiss.
A hobgoblin is nearby!
Aim: a hobgoblin (almost dead, 68% to hit)
The zap hits the hobgoblin.
You kill the hobgoblin!
You can't see any susceptible monsters within range! (Use Z to cast anyway.)
You can't see any susceptible monsters within range! (Use Z to cast anyway.) Natasha, Servant of Life and Death comes into view.
Aim: Natasha (60% to hit)
The zap misses Natasha.
Natasha casts a spell at you. You resist with some effort.
Aim: Natasha (60% to hit)
The zap hits Natasha.
Aim: Natasha (moderately wounded, 60% to hit)
The zap hits Natasha.
Natasha stares at you and mumbles some strange words.
You feel yourself slow down.
Aim: Natasha (moderately wounded, 60% to hit)
The zap misses Natasha.
Aim: Natasha (moderately wounded, 60% to hit)
The zap hits Natasha.
Aim: Natasha (heavily wounded, 60% to hit)
The zap misses Natasha.
Natasha casts a spell at you. The magic dart hits you!
Natasha closely misses you.
You don't have enough magic to cast this spell.
You don't have enough magic to cast this spell.
Unknown command.
Okay, then.
A goblin comes into view. It is wielding a +0 club.
You aren't carrying any items that you can evoke.
Natasha claws you.
* * * LOW HITPOINT WARNING * * *
You scratch Natasha but do no damage.
Natasha howls an incantation.
You feel troubled. Natasha barely misses you. Natasha claws you.
You die...

..♣.♣ .†... #.♣.♣
#.#.# ... #.♣.♣
♣.♣ #..g# ... .
###.# ♣.♣#.. #h#
#.#####... #@#
.....♣.♣ #.#
###...## #.#
###......## #.#
###...##.#..##
#.###...####.##..#
#.#...### #.###..
#...### #.# ##.
##### #.# ## ..# #


You could see Natasha and a goblin.

Vanquished Creatures
  An adder (D:2)
  A dart slug (D:1)
  2 ball pythons
  3 endoplasms (D:1)
  2 giant cockroaches (D:1)
  5 goblins
  4 hobgoblins
  A quokka (D:1)
  4 bats
  4 frilled lizards
  4 kobolds (D:1)
  2 rats (D:1)
33 creatures vanquished.

Vanquished Creatures (others)
  A fungus (D:1)
  A plant (D:1)
2 creatures vanquished.

Grand Total: 35 creatures vanquished

Notes
Turn   | Place    | Note
-------+----------+-------------------------------------------
     0 | D:1      | vurker the Felid Air Elementalist began the quest for the
                  | Orb.
     0 | D:1      | Reached XP level 1. HP: 7/7 MP: 4/4
   431 | D:1      | Reached skill level 1 in Conjurations
   637 | D:1      | Found a faded altar of an unknown god.
   723 | D:1      | Reached XP level 2. HP: 12/12 MP: 4/6
   986 | D:1      | Reached skill level 3 in Air Magic
  1521 | D:2      | Reached XP level 3. HP: 10/15 MP: 3/7
  1760 | D:2      | Reached skill level 1 in Fighting
  2000 | D:2      | Noticed Natasha
  2010 | D:2      | Slain by Natasha

Illustrated notes

Levels and vault maps discovered:
D:1:      elethiomel_arrival_maze, layout_basic,
          shapermc_ecumenical_altar_rom_forum
D:2:      layout_basic, serial_forest, infiniplex_forest_lined_2,
          infiniplex_forest_corner_1, infiniplex_forest_zigzag_2,
          infiniplex_forest_lined_3, infiniplex_forest_straight_4,
          infiniplex_forest_join, infiniplex_forest_lined_4_way,
          infiniplex_forest_split, infiniplex_forest_clump_diagonal,
          minmay_misc_feat_diagonals, uniq_natasha, uniq_sigmund

Skill      XL: |  1  2  3 |
---------------+----------+-----
Conjurations   | 1 |  1.4
Air Magic      | 3 |  3.2
Fighting       | 1 |  1.0
Dodging        | |  2.6
Stealth        | |  2.6
Spellcasting   | |  2.6

Action                   || total
-------------------------++-------
Melee: Unarmed           ||    19
       Bite              ||     2
 Cast: Shock             ||    83
Armor: Skin              ||     1
Dodge: Dodged            ||    35

Table legend: (Time is in decaauts)
 A = Elapsed time spent in this place.
 B = Non-inter-level travel time spent in this place.
 C = Inter-level travel time spent in this place.
 D = Time resting spent in this place.
 E = Time spent auto-exploring this place.
 F = Levels seen in this place.
 G = Mean time per level.
                   A        B        C        D        E       F      G
               +--------+--------+--------+--------+--------+-----+--------+
         Total |   1853 |   1843 |     10 |    186 |   1462 |   2 |  926.5 |
       Dungeon |   1853 |   1843 |     10 |    186 |   1462 |   2 |  926.5 |
               +--------+--------+--------+--------+--------+-----+--------+

Top non-repeatable levels by time:
     D:1: 1575 daAuts
     D:2: 277 daAuts
